AoeStats
← MAXIMO MERIDIO

Nomad

509285256Analyzed
4v4 RM · 7d ago on Sep 26, 2026· 41m 15s· 8 players
Game mode
Random Map
Map size
231×231
Population
200
Speed
Normal
Resources
Standard
Victory
Conquest
Starting age
Dark Age
Ending age
Imperial Age
RankedLock teamsTeams togetherTeam positionsShared explorationLock speedFull tech treeHidden civsTurbo modeCheats
Victory
Defeat
🇦🇺 Armenians · Australia
1440
+16
🇨🇳 Malay · China
1432
+16
🇨🇳 Berbers · China
1409
+17
🇲🇽 Italians · Mexico
1401
+17
🇺🇸 Varangians · United States
1503
-19
🇲🇽 Mongols · Mexico
1485
-20
🇲🇽 Berbers · Mexico
1398
-15
🇳🇮 Koreans · Nicaragua
1332
-12
Ziton127
13:24 Feudal Age
15:36 Loom
21:07 Castle Age
19:12 Double-Bit Axe
22:31 Wheelbarrow
23:13 Town Watch
26:19 Medium Warships
30:10 Bow Saw
31:30 Fletching
32:18 Fishing Lines
33:57 Bodkin Arrow
39:03 Imperial Age
37:22 Padded Archer Armor
39:10 Ballistics
40:04 Gold Mining
40:08 Stone Mining
40:42 Conscription
40:40 Bracer
41:46 Chemistry
vectorJ
4:19 Loom
12:36 Feudal Age
16:33 Castle Age
14:41 Double-Bit Axe
15:23 Gold Mining
16:02 Fletching
17:32 Bow Saw
18:05 Gold Shaft Mining
18:23 Medium Warships
20:03 Bodkin Arrow
22:38 Stone Mining
23:21 Horse Collar
24:39 Fishing Lines
25:09 Town Watch
26:55 Padded Archer Armor
27:54 Wheelbarrow
29:50 Ballistics
30:21 Heavy Plow
30:36 Leather Archer Armor
35:29 Imperial Age
34:11 Masonry
34:20 Hand Cart
35:13 Murder Holes
35:37 Elite Composite Bowman
37:22 Chemistry
36:26 Bracer
37:11 Elite Skirmisher
38:37 Bombard Tower
39:56 Ring Archer Armor
39:59 Conscription
qkry335791
4:20 Loom
13:20 Feudal Age
13:54 Double-Bit Axe
17:03 Castle Age
18:23 Pikeman
24:51 Fishing Lines
25:29 Horse Collar
25:44 Gillnets
28:24 Wheelbarrow
28:13 Gold Mining
29:24 Scale Barding Armor
29:47 Hand Cart
32:01 Gold Shaft Mining
34:02 Imperial Age
32:34 Husbandry
32:47 Forging
33:53 Conscription
35:18 Iron Casting
36:26 Elite Battle Elephant
39:59 Blast Furnace
play for fun
5:19 Loom
13:01 Feudal Age
13:43 Town Watch
17:04 Castle Age
17:20 Double-Bit Axe
19:21 Wheelbarrow
19:41 Fletching
20:20 Bodkin Arrow
21:49 Padded Archer Armor
27:33 Horse Collar
28:42 Ballistics
29:49 Hand Cart
36:31 Bloodlines
36:21 Husbandry
42:33 Imperial Age
40:25 Bow Saw
40:16 Heavy Plow
EXILE | NOPALITO
6:50 Loom
16:04 Feudal Age
16:15 Man-at-Arms
22:25 Double-Bit Axe
26:54 Castle Age
26:43 Horse Collar
27:07 Fletching
27:51 Elite Skirmisher
33:11 Padded Archer Armor
38:57 Bow Saw
EXILE | ROBoTeCh
3:59 Loom
12:49 Feudal Age
17:23 Castle Age
15:30 Double-Bit Axe
17:06 Scale Barding Armor
17:49 Bloodlines
28:53 Fletching
30:15 Bodkin Arrow
34:06 Padded Archer Armor
35:52 Leather Archer Armor
MAXIMO MERIDIO
12:31 Loom
14:18 Feudal Age
18:48 Castle Age
18:19 Fletching
19:40 Double-Bit Axe
20:58 Bodkin Arrow
21:48 Bow Saw
23:48 Horse Collar
27:09 Ballistics
30:14 Padded Archer Armor
32:13 Wheelbarrow
33:30 Hand Cart
36:37 Imperial Age
34:30 Heavy Plow
36:37 Leather Archer Armor
37:42 Bracer
38:46 Chemistry
38:46 Gold Mining
39:52 Scale Barding Armor
39:58 Forging
40:59 Chain Barding Armor
40:51 Bloodlines
40:42 Husbandry
40:35 Elite Steppe Lancer
EXILE | milval
4:59 Loom
13:32 Feudal Age
15:40 Double-Bit Axe
21:54 Castle Age
19:47 Fletching
20:52 Gold Mining
20:54 Horse Collar
22:46 Bodkin Arrow
24:44 Crossbowman
27:23 Ballistics
27:51 Town Watch
31:26 Wheelbarrow
33:42 Hand Cart
38:27 Imperial Age
36:58 Thumb Ring
37:24 Treadmill Crane
37:55 Masonry
40:44 Arbalester
Connection lost

Rejoining the realm…

Still unreachable

The connection could not be restored.

Session expired

The server has moved on; the page needs a fresh start.